 Dungeon Crawl Stone Soup version 0.20.1-1-g8b1a95d (webtiles) character file.

53 Oakoak the Skirmisher (level 3, -4/33 HPs)
             Began as a Hill Orc Fighter on July 9, 2017.
             Slain by an ogre
             ... wielding a +0 giant club
              (15 damage)
             ... on level 3 of the Dungeon.
             The game lasted 00:05:30 (1060 turns).

Oakoak the Skirmisher (Hill Orc Fighter)            Turns: 1060, Time: 00:05:31

Health: -4/33      AC:  7    Str: 19    XL:     3   Next: 89%
Magic:  3/3        EV:  7    Int:  8    God:    Xom [..*...]
Gold:   131        SH:  9    Dex: 10    Spells: 2/2 levels left

rFire    . . .     SeeInvis .   a - +0 flail
rCold    . . .     Gourm    .   c - +0 shield
rNeg     . . .     Faith    .   b - +0 scale mail
rPois    .         Spirit   .   (no helmet)
rElec    .         Reflect  .   (no cloak)
rCorr    .         Harm     .   (no gloves)
MR       .....                  (no boots)
Stlth    ..........             (no amulet)
Regen    0.2/turn               (no ring)
MPRegen  0.1/turn               (no ring)

@: no status effects
A: no striking features
a: Renounce Religion


You were on level 3 of the Dungeon.
You worshipped Xom.
You were a toy of Xom.
You were hungry.

You visited 1 branch of the dungeon, and saw 3 of its levels.

You collected 131 gold pieces.

Inventory:

Hand Weapons
 a - a +0 flail (weapon)
 e - a cursed +0 hand axe
Armour
 b - a +0 scale mail (worn)
 c - a +0 shield (worn)
Scrolls
 h - 2 scrolls of recharging {unknown}
 i - a scroll of identify {unknown}
 k - a scroll of fear {unknown}
 o - a scroll of noise {unknown}
 p - a scroll of fog {unknown}
Potions
 d - 2 potions of might
 j - a potion of mutation {unknown}
 l - a potion of agility {unknown}
 m - a potion of curing {unknown}
 n - 2 potions of magic {unknown}
 q - a potion of ambrosia {unknown}
Comestibles
 f - a bread ration
 g - a meat ration


   Skills:
 + Level 4.2 Fighting
 + Level 3.0 Maces & Flails
 + Level 3.7 Armour
 + Level 0.1 Dodging
 + Level 0.1 Stealth
 + Level 3.7 Shields


You had 2 spell levels left.
You didn't know any spells.

Dungeon Overview and Level Annotations

Branches:
Dungeon (3/15)

Altars:
Xom


Message History

You kill the worm!
Your Maces & Flails skill increases to level 3!
You block the ball python's attack. The ball python constricts you.
The ogre hits you with a giant club!
The ball python bites you but does no damage.
The ball python constricts you.
You escape the ball python's grasp.
A hobgoblin comes into view.
The hobgoblin shouts!
You thump the ogre!
The ogre is moderately wounded.
The ogre closely misses you. The ball python bites you.
The ball python barely misses you.
A dart slug comes into view.
You hit the ogre but do no damage.
The ogre is moderately wounded.
The ball python bites you. You block the ball python's attack.
The ogre hits you with a giant club!
You die...
Xom chortles!

.. #### .w. #.. ....
#.##############
...g#+####.#.............
...........(..###########
!..>.....(#####
......<...# .......S..#
.......O@.# ..>.......#
..........# ≈.........#
≈≈≈≈≈##≈..# ≈≈≈≈≈ #..##
..... ≈..# .... ≈..#


You could see an ogre, a dart slug, a hobgoblin and a ball python.

Vanquished Creatures
  An adder (D:2)
  An ooze (D:2)
  A worm (D:3)
  3 dart slugs
  2 giant cockroaches
  3 goblins
  8 hobgoblins
  A quokka (D:2)
  A bat (D:2)
  A frilled lizard (D:2)
  4 kobolds
  3 rats
29 creatures vanquished.

Vanquished Creatures (collateral kills)
  A giant cockroach (D:2)
  A frilled lizard (D:2)
2 creatures vanquished.

Grand Total: 31 creatures vanquished

Notes
Turn   | Place    | Note
-------+----------+-------------------------------------------
     0 | D:1      | Oakoak the Hill Orc Fighter began the quest for the Orb.
     0 | D:1      | Reached XP level 1. HP: 19/19 MP: 1/1
    99 | D:1      | Reached XP level 2. HP: 17/27 MP: 2/2
   252 | D:1      | Found a shimmering altar of Xom.
   264 | D:1      | Became a worshipper of Xom the Elder Chaos God
   367 | D:2      | Reached skill level 4 in Fighting
   482 | D:2      | XOM: cast spell 'Call Canine Familiar'
   486 | D:2      | Reached XP level 3. HP: 30/33 MP: 3/3
  1051 | D:3      | Noticed an ogre
  1060 | D:3      | Slain by an ogre

Skill      XL: |  1  2  3 |
---------------+----------+-----
Fighting       | 4 |  4.2
Maces & Flails | 3 |  3.0
Armour         | |  3.7
Dodging        | |  0.1
Stealth        | |  0.1
Shields        | |  3.7

Action                   || total
-------------------------++-------
Melee: Flail             ||   117
  Use: Potion            ||     1
 Stab: Invisible         ||     2
Armor: Scale mail        ||    60
Dodge: Dodged            ||    58
Block: Shield            ||    76
